 Dungeon Crawl Stone Soup version 0.27.0-1-g7a089689b8 (webtiles) character file.

Game seed: 17865202478662202858

424 gimp the Chopper (level 6, -1/56 HPs)
             Began as a Minotaur Berserker on Aug 1, 2021.
             Was a Priest of Trog.
             Slain by an orc (6 damage)
             ... while paralysed by Grinder
             ... on level 4 of the Dungeon.
             The game lasted 00:02:43 (3171 turns).

gimp the Chopper (Minotaur Berserker)               Turns: 3171, Time: 00:02:44

Health: -1/56      AC:  3    Str: 23    XL:     6   Next: 64%
Magic:  5/5        EV:  2    Int:  4    God:    Trog [***...]
Gold:   135        SH:  0    Dex: 10    Spells: 5/5 levels left

rFire    . . .     SeeInvis .   a - +0 hand axe
rCold    + . .     Faith    .   (no shield)
rNeg     . . .     Spirit   .   b - +0 animal skin
rPois    .         Reflect  .   (helmet restricted)
rElec    .         Harm     .   d - +0 cloak
rCorr    .         Rampage  .   (no gloves)
Will     .....                  (no boots)
Stlth    +.........             (no amulet)
HPRegen  0.18/turn              j - ring of protection from cold
MPRegen  0.09/turn              (no ring)

@: paralysed
A: horns 2, retaliatory headbutt
a: Renounce Religion, Berserk, Trog's Hand


You were on level 4 of the Dungeon.
You worshipped Trog.
Trog was most pleased with you.
You visited 1 branch of the dungeon, and saw 4 of its levels.

You collected 135 gold pieces.

Inventory:

Hand Weapons
 a - a +0 hand axe (weapon)
Missiles
 f - 7 poisoned darts (quivered)
Armour
 b - a +0 animal skin (worn)
 d - a +0 cloak (worn)
Jewellery
 j - a ring of protection from cold (left hand)
 m - a ring of fire
Scrolls
 c - 4 scrolls of identify {unknown}
 e - a scroll of noise {unknown}
 g - a scroll of brand weapon {unknown}
 l - a scroll of acquirement {unknown}
Potions
 h - a potion of ambrosia {unknown}
 i - 2 potions of curing {unknown}
 k - a potion of heal wounds {unknown}
 n - a potion of attraction {unknown}
 o - a potion of brilliance {unknown}


   Skills:
 + Level 5.5 Fighting
 * Level 7.0 Axes
 + Level 4.6 Armour
 - Level 2.1 Dodging


You had 5 spell levels left.
You didn't know any spells.
Your spell library was empty.

Dungeon Overview and Level Annotations

Branches:
Dungeon (4/15)
 Temple: D:4-7

Altars:
Fedhas
The Shining One

Shops:
D:1 :   D:3 *

Annotations:
D:4 Grinder


Innate Abilities, Weirdness & Mutations

You have a pair of horns on your head.
You reflexively headbutt those who attack you in melee.


Message History

You hit the orc. You barely miss the orc. The orc hits you with a +0 falchion.
The dart slug launches a dart at you. The slug dart hits you.
The orc barely misses you.
You take 10 damage, and have 46/56 hp.
You hit the dart slug.
You kill the dart slug!
Trog accepts your kill.
You barely miss the orc. You hit the orc but do no damage.
You closely miss the orc.
An orc comes into view. It is wielding a +0 flail.
The orc hits you with a +0 falchion. Grinder gestures at you.
You barely resist. The orc hits you with a +0 dagger.
Your Axes skill increases to level 7!
You take 6 damage, and have 40/56 hp.
You hit the orc.
The orc is moderately wounded.
You closely miss the orc. You hit the orc. The orc closely misses you.
The orc misses you. The orc hits you with a +0 dagger. Grinder gestures at you.
You suddenly lose the ability to move!
The orc hits you with a +0 hand axe.
You hear some strange, mumbled words.
Something tries to affect you, but you resist.
Grinder blinks!
The orc hits you with a +0 dagger. The orc hits you but does no damage.
The orc hits you with a +0 falchion. The orc hits you with a +0 dagger.
The orc barely misses you. x3
The orc hits you with a +0 hand axe. The orc hits you with a +0 falchion.
Something hits you. The orc hits you with a +0 dagger.
* * * LOW HITPOINT WARNING * * *
The orc hits you with a +0 hand axe.
* * * LOW HITPOINT WARNING * * *
The orc hits you with a +0 falchion.
* * * LOW HITPOINT WARNING * * *
Something hits you.
* * * LOW HITPOINT WARNING * * *
The orc barely misses you.
The orc hits you but does no damage. x2; The orc hits you with a +0 falchion.
You die...

.. ..##.##### ...
#........#
##.###........#
#....#.........
##.............
.......5....... #.
......o)o.....# ...
#....o@o.)...# .....##
#.......###..##.......
##......# ##.........#
.##......# #.........# .
........####.........##.
..................#.....
#..........#......#.....
......)....#............
...........#............


You could see Grinder and 4 orcs.

Vanquished Creatures
  Sigmund (D:2)
  An orc priest (D:4)
  Natasha (thrice) (D:2)
  Terence (D:3)
  4 gnolls (D:2)
  5 adders
  A worm (D:3)
  A dart slug (D:4)
  5 orcs (D:3)
  5 endoplasms
  3 giant cockroaches (D:1)
  8 goblins
  2 hobgoblins (D:1)
  A quokka (D:1)
  6 ball pythons
  8 bats
  6 frilled lizards
  3 kobolds
  3 rats
67 creatures vanquished.

Notes
Turn   | Place    | Note
-------+----------+-------------------------------------------
     0 | D:1      | gimp the Minotaur Berserker began the quest for the Orb.
     0 | D:1      | Reached XP level 1. HP: 19/19 MP: 0/0
   246 | D:1      | Reached skill level 4 in Axes
   280 | D:1      | Found Qoqil's Book Emporium.
   285 | D:1      | Reached XP level 2. HP: 27/27 MP: 1/1
   478 | D:1      | Reached ** piety under Trog
   773 | D:2      | Reached XP level 3. HP: 24/33 MP: 2/2
   929 | D:2      | Noticed Natasha
   939 | D:2      | Killed Natasha
  1196 | D:2      | Reached skill level 5 in Axes
  1196 | D:2      | Reached XP level 4. HP: 30/40 MP: 3/3
  1346 | D:2      | Noticed Natasha
  1357 | D:2      | Killed Natasha
  1514 | D:2      | Found a glowing golden altar of the Shining One.
  1597 | D:2      | Reached XP level 5. HP: 47/47 MP: 4/4
  1797 | D:2      | Noticed Sigmund
  1805 | D:2      | Killed Sigmund
  1806 | D:2      | Reached skill level 5 in Fighting
  1806 | D:2      | Reached skill level 6 in Axes
  1806 | D:2      | Reached XP level 6. HP: 56/56 MP: 5/5
  1810 | D:2      | Noticed Natasha
  1826 | D:2      | Killed Natasha
  2541 | D:3      | Found a blossoming altar of Fedhas.
  2546 | D:3      | Noticed Terence
  2552 | D:3      | Killed Terence
  2567 | D:3      | Found Saitos's Assorted Antiques.
  3160 | D:4      | Noticed Grinder
  3161 | D:4      | Reached *** piety under Trog
  3165 | D:4      | Reached skill level 7 in Axes
  3165 | D:4      | Paralysed by Grinder for 7 turns
  3171 | D:4      | Slain by an orc

Illustrated notes

Levels and vault maps discovered:
D:1:      dpeg_arrival_round_c, layout_basic, serial_shops, shop,
          minmay_lizard_pond
D:2:      layout_basic, basic_altar, uniq_sigmund, uniq_natasha
D:3:      layout_loops_corners, mainiacjoe_overflow_chevrons, serial_shops,
          nicolae_square_shop, uniq_terence
D:4:      layout_cave_pools, lemuel_crystal_altar, mainiacjoe_overflow_catwalk,
          mainiacjoe_overflow_alcove_2, jmf_multi_god_temple2,
          minmay_statues_item, uniq_grinder, uniq_pikel

Skill      XL: |  1  2  3  4  5  6 |
---------------+-------------------+-----
Axes           | 4 5 6 7 |  7.0
Fighting       | 4 5 |  5.5
Armour         | 3 4 |  4.6
Dodging        | |  2.1

Action                   |  1- 3 |  4- 6 || total
-------------------------+-------+-------++-------
Melee: Hand axe          |    64 |    74 ||   138
       Headbutt          |     4 |    12 ||    16
Invok: Berserk           |     1 |     4 ||     5
Armor: Animal skin       |    15 |    15 ||    30
Dodge: Dodged            |    47 |    62 ||   109
